 Dungeon Crawl Stone Soup version 0.27-a0-1200-g94dc6ad4cf (webtiles) character file.

Game seed: 17635072899517392304

332 zezblit the Digger (level 6, -4/33 HPs)
             Began as a Gargoyle Earth Elementalist on May 31, 2021.
             Slain by an ogre
             ... wielding a +0 giant club
              (23 damage)
             ... on level 4 of the Dungeon.
             The game lasted 00:35:13 (4099 turns).

zezblit the Digger (Gargoyle Earth Elementalist)    Turns: 4099, Time: 00:35:15

Health: -4/33      AC: 13    Str: 17    XL:     6   Next: 52%
Magic:  8/10       EV: 11    Int: 18    God:
Gold:   107        SH:  4    Dex: 10    Spells: 3/11 levels left

rFire    . . .     SeeInvis .   k - +1 trident (protect)
rCold    . . .     Faith    .   g - +1 buckler
rNeg     + . .     Spirit   .   s - +0 robe
rPois    ∞         Reflect  .   (no helmet)
rElec    +         Harm     .   (no cloak)
rCorr    .         Rampage  .   (no gloves)
Will     .....                  (no boots)
Stlth    ++........             (no amulet)
HPRegen  0.11/turn              a - +6 ring of strength
MPRegen  0.12/turn              (no ring)

@: under a protective aura
A: sickness immunity, AC +4, negative energy resistance 1, electricity
resistance, torment resistance 1, petrification resistance
a: no special abilities


You were on level 4 of the Dungeon.
You visited 1 branch of the dungeon, and saw 5 of its levels.

You collected 107 gold pieces.

Inventory:

Hand Weapons
 k - a +1 trident of protection (weapon)
 m - a +1 whip of pain
Missiles
 b - 123 stones
 p - 3 silver boomerangs
Armour
 g - a +1 buckler (worn)
 i - a +0 ring mail
 s - a +0 robe (worn)
Jewellery
 a - a +6 ring of strength (left hand)
 n - a ring of protection from cold
Scrolls
 h - a scroll of enchant weapon
 l - a scroll of holy word
Potions
 e - 4 potions of curing
 f - a potion of heal wounds
 j - a potion of resistance
 o - a potion of flight


   Skills:
 + Level 0.6 Fighting
 - Level 1.0 Polearms
 + Level 2.3 Dodging
 - Level 2.1 Stealth
 + Level 0.4 Shields
 + Level 3.2 Spellcasting
 * Level 1.8 Transmutations
 * Level 6.4 Earth Magic


You had 3 spell levels left.
You knew the following spells:

 Your Spells              Type           Power      Damage    Failure   Level
a - Sandblast             Erth           52%        2d12      1%          1
b - Stone Arrow           Conj/Erth      28%        3d8       21%         3
c - Petrify               Tmut/Erth      17%        N/A       41%         4

Your spell library contained the following spells:

 Spells                   Type           Power      Damage    Failure   Level
 Passwall                 Tmut/Erth      14%        N/A       7%          2
 Animate Skeleton         Necr           4%         N/A       26%         1
 Apportation              Tloc           4%         N/A       26%         1
 Corona                   Hex            2%         N/A       26%         1
 Summon Small Mammal      Summ           8%         N/A       26%         1
 Lee's Rapid Deconstruct  Erth           13%        3d10*     43%         5


Dungeon Overview and Level Annotations

Branches:
Dungeon (5/15)
 Temple: D:4-7

Altars:


Innate Abilities, Weirdness & Mutations

You are immune to sickness and miasma.
Your stone body is resilient. (AC +4)
You are immune to poison.
You resist negative energy. (rN+)
You are resistant to electric shocks. (rElec)
You are resistant to unholy torment.
You are immune to petrification.


Message History

HP restored.
Found a stone staircase leading down.
Found a potion of flight.
An ogre comes into view. It is wielding a +0 giant club.
The ogre shouts!
Found 10 gold pieces.
A hound skeleton comes into view.
A quokka comes into view.
There is a stone staircase leading down here.
You climb downwards.
A hound and a skeleton come into view.
Found an escape hatch in the ceiling.
Found a stone staircase leading up.
There is a stone staircase leading up here.
The hound barks!
The hound skeleton barely misses you.
You climb upwards.
There is a stone staircase leading down here.
Aiming: Sandblast (safe; 1% risk of failure)
Press: ? - help, Q - select action, (/) - cycle Shift-Dir - straight line, f - ogre
Aim: an ogre, wielding a +0 giant club (91% to hit)
The blast of sand hits the ogre!
The ogre is heavily wounded.
Aiming: Sandblast (safe; 1% risk of failure)
Press: ? - help, Q - select action, (/) - cycle Shift-Dir - straight line, f/p - ogre
Aim: an ogre, wielding a +0 giant club (heavily wounded, 91% to hit)
The blast of sand misses the ogre.
You hit the ogre.
Your weapon exudes an aura of protection.
The ogre is severely wounded.
The ogre barely misses you.
You hit the ogre.
The ogre is severely wounded.
The hound skeleton bites you but does no damage.
The ogre hits you with a +0 giant club!
You hit the ogre.
The ogre is almost dead.
The hound skeleton completely misses you.
The quokka twitches its whiskers.
The ogre hits you with a +0 giant club!!
Ouch! That really hurt!
You die...

#... #... ##..#
#...## .# ##
#....# . .!.
#....# .#
$...##....###.##
..r.''O@.......
....##Z..#..##.
. #........#..
#........#.#
#........#.#
#........#.#
#......#.#.#
#......#...# #.#
........#...#
#.#


You could see an ogre, a quokka and a hound skeleton.

Vanquished Creatures
  Blork the orc (D:4)
  A jelly (D:3)
  An orc priest (D:3)
  Jessica (D:2)
  Terence (D:2)
  An iguana (D:4)
  3 adders
  3 worms (D:2)
  A dart slug (D:1)
  7 orcs
  4 endoplasms
  5 giant cockroaches
  4 goblins
  8 hobgoblins
  8 jackals
  7 kobolds
  4 quokkas
  6 ball pythons
  5 bats
  4 frilled lizards
  10 rats
85 creatures vanquished.

Notes
Turn   | Place    | Note
-------+----------+-------------------------------------------
     0 | D:1      | zezblit the Gargoyle Earth Elementalist began the quest for
                  | the Orb.
     0 | D:1      | Reached XP level 1. HP: 10/10 MP: 3/3
   296 | D:1      | Reached skill level 4 in Earth Magic
   298 | D:1      | Reached XP level 2. HP: 5/15 MP: 0/5
  1268 | D:3      | Reached XP level 3. HP: 19/19 MP: 3/6
  1276 | D:3      | Learned a level 3 spell: Stone Arrow
  1457 | D:3      | Reached skill level 1 in Transmutations
  1457 | D:3      | Reached skill level 5 in Earth Magic
  1457 | D:3      | Reached XP level 4. HP: 23/24 MP: 3/7
  1793 | D:3      | Reached XP level 5. HP: 28/28 MP: 7/9
  1800 | D:3      | Learned a level 4 spell: Petrify
  2534 | D:2      | Noticed Terence
  2537 | D:2      | Killed Terence
  2676 | D:2      | Noticed Jessica
  2679 | D:2      | Killed Jessica
  2680 | D:2      | Reached skill level 1 in Polearms
  2680 | D:2      | Reached skill level 6 in Earth Magic
  3386 | D:3      | Reached XP level 6. HP: 33/33 MP: 8/10
  3781 | D:4      | Noticed Blork the orc
  3790 | D:4      | Killed Blork the orc
  3859 | D:5      | Entered Level 5 of the Dungeon
  4099 | D:4      | Slain by an ogre

Illustrated notes

Levels and vault maps discovered:
D:1:      saegor_arrival_simple_d, layout_basic, grunt_decor_arrowhead,
          nrook_uturn
D:2:      layout_basic, minmay_quantized, uniq_terence, uniq_jessica
D:3:      layout_basic, gup_sewer_entry_spiral
D:4:      layout_basic, gammafunk_temple_overflow_claw,
          minmay_temple_entry_poolview, uniq_blork_the_orc, uniq_grinder
D:5:      layout_loops_corners, amethyst_overflow_temple_binary,
          grunt_ministairs_7

Skill      XL: |  1  2  3  4  5 |
---------------+----------------+-----
Earth Magic    | 4 5 6 |  6.4
Transmutations | 1 |  1.8
Dodging        | 2 |  2.3
Polearms       | 1 |  1.0
Spellcasting   | 3 |  3.2
Fighting       | |  0.6
Stealth        | |  2.1
Shields        | |  0.4

Action                   |  1- 3 |  4- 6 || total
-------------------------+-------+-------++-------
Melee: Unarmed           |    15 |       ||    15
       Short sword       |    53 |       ||    53
       Whip              |     1 |       ||     1
       Trident           |       |   144 ||   144
 Cast: Sandblast         |    26 |    48 ||    74
       Stone Arrow       |       |     2 ||     2
  Use: Scroll            |     1 |     8 ||     9
       Potion            |       |     1 ||     1
 Stab: Sleeping          |     1 |     1 ||     2
Armor: Robe              |    36 |    85 ||   121
Dodge: Dodged            |    55 |   110 ||   165
Block: Buckler           |       |    18 ||    18

Table legend: (Time is in decaauts)
 A = Elapsed time spent in this place.
 B = Non-inter-level travel time spent in this place.
 C = Inter-level travel time spent in this place.
 D = Time resting spent in this place.
 E = Time spent auto-exploring this place.
 F = Levels seen in this place.
 G = Mean time per level.
                   A        B        C        D        E       F      G
               +--------+--------+--------+--------+--------+-----+--------+
         Total |   4200 |   4036 |    164 |    695 |   2545 |   5 |  840.0 |
       Dungeon |   4200 |   4036 |    164 |    695 |   2545 |   5 |  840.0 |
               +--------+--------+--------+--------+--------+-----+--------+

Top non-repeatable levels by time:
     D:2: 1377 daAuts
     D:3: 1372 daAuts
     D:1: 1062 daAuts
     D:4: 376 daAuts
     D:5: 11 daAuts
